 Dungeon Crawl Stone Soup version 0.14-a0-2986-gd1872aa (webtiles) character file.

295 Psiweapon the Slasher (level 5, -11/41 HPs)
             Began as a Formicid Fighter on Mar 6, 2014.
             Mangled by an ogre
             ... wielding a +0,+0 giant club
              (14 damage)
             ... on Level 4 of the Dungeon.
             The game lasted 00:10:18 (3135 turns).

Psiweapon the Slasher (Formicid Fighter)            Turns: 3135, Time: 00:10:19

HP -11/41        AC 12     Str 22      XL: 5   Next: 58%
MP   7/7         EV  6     Int  7      God:
Gold 145         SH 18     Dex 10      Spells:  0 memorised,  4 levels left

rFire  . . .     SeeInvis +     a - +0 falchion
rCold  . . .     Clarity  .     b - +0 scale mail
rNeg   . . .     Conserve .     c - +0 shield
rPois  .         rCorr    .     (helmet unavailable)
rElec  .         rRot     .     (no cloak)
SustAb + .       Spirit   .     (no gloves)
rMut   .         Warding  .     y - +0 pair of dwarf boots (curse)
Saprov . . .     Stasis   +     (no amulet)
MR     .....                    s - ring of sustain abilities
                                j - +4 ring of protection

@: not resistant to hostile enchantments, extremely unstealthy
A: permanent stasis, dig shafts and tunnels, four strong arms, antennae 3
a: Dig, Shaft Self


You were on level 4 of the Dungeon.
You were hungry.

You visited 1 branch of the dungeon, and saw 4 of its levels.

You collected 145 gold pieces.

Inventory:

Hand weapons
 a - a +0,+0 falchion (weapon)
Missiles
 k - an exploding dart
 o - 5 javelins (quivered)
 t - 12 poisoned needles
 u - 40 bolts
Armour
 b - a +0 scale mail (worn)
 c - a +0 shield (worn)
 y - a cursed +0 pair of dwarven boots (worn)
Comestibles
 d - 3 bread rations
 g - a chunk of bat flesh
 m - 2 chokos
 p - a cheese
Scrolls
 e - a scroll of recharging {unknown}
 l - 2 scrolls of blinking {unknown}
 v - 2 scrolls of enchant weapon I {unknown}
 B - a scroll of random uselessness {unknown}
Jewellery
 j - a +4 ring of protection (left hand)
 s - a ring of sustain abilities (right hand)
Potions
 f - a potion of heal wounds {unknown}
 h - 5 potions of curing
 n - a potion of invisibility
 q - a potion of restore abilities
Books
 r - a book of the Dragon

   Spells                             Type                      Level
   Flight                             Charms/Air                   3
   Cause Fear                         Hexes                        4
   Bolt of Fire                       Conjuration/Fire             6
   Dragon Form                        Transmutation                7
   Summon Dragon                      Summoning                    9


   Skills:
 - Level 3.0 Fighting
 + Level 5.3 Long Blades
 - Level 3.6 Armour
 - Level 3.0 Shields


You had 4 spell levels left.
You didn't know any spells.

Dungeon Overview and Level Annotations

Branches:
Dungeon (4/16)
 Temple: D:4-7

Altars:

Annotations:
D:1 exclusion: downstairs


Innate Abilities, Weirdness & Mutations

Your are under a permanent stasis effect.
You can dig through walls and to a lower floor.
Your four strong arms can wield any weapon, most with a shield.
You have a pair of large antennae on your head (SInv).


Message History

The ogre hits you with a giant club!
Throwing (i - inventory. (,) - cycle):
o - 8 javelins (quivered)
Press: ? - help, Shift-Dir - straight line, f - ogre
Aim: an ogre, wielding a giant club You throw a javelin.
The javelin hits the ogre.
The ogre is severely wounded.
Throwing (i - inventory. (,) - cycle):
o - 7 javelins (quivered)
Press: ? - help, Shift-Dir - straight line, f/p - ogre
Aim: an ogre, wielding a giant club (severely wounded)
You throw a javelin. The javelin hits the ogre.
The ogre is severely wounded.
The ogre hits you with a giant club!
* * * LOW HITPOINT WARNING * * *
Throwing (i - inventory. (,) - cycle):
o - 6 javelins (quivered)
Press: ? - help, Shift-Dir - straight line, f/p - ogre
Aim: an ogre, wielding a giant club (severely wounded)
You throw a javelin. The javelin hits the ogre.
The ogre is severely wounded.
The ogre hits you with a giant club!
You die...

## ### #.##..
#.#.. ####...
####
.......%#...#
#.#O?.#
#######.@#...#
#..<.....#####.#
#.######.......#
#.# #.#...###
#.# ###.#####
#.# #..#..#
.......#.#.#
#.######.#.# #.#
#.#.#


You could see an ogre.

Vanquished Creatures
  A worker ant (D:4)
  3 adders
  2 giant mites
  An inept feature mimic (D:3)
  A worm (D:3)
  An ooze (D:1)
  An orc (D:3)
  9 bats
  4 giant cockroaches
  9 goblins
  8 hobgoblins
  9 jackals
  A ball python (D:3)
  7 giant newts
  9 kobolds
  7 rats
73 creatures vanquished.

Notes
Turn   | Place    | Note
--------------------------------------------------------------
     0 | D:1      | Psiweapon, the Formicid Fighter, began the quest for the Orb.
     0 | D:1      | Reached XP level 1. HP: 18/18 MP: 1/1
   257 | D:1      | Reached XP level 2. HP: 21/24 MP: 3/3
   939 | D:1      | Reached XP level 3. HP: 25/29 MP: 4/4
  1780 | D:2      | Reached skill level 4 in Long Blades
  1780 | D:2      | Reached XP level 4. HP: 32/35 MP: 5/5
  2466 | D:3      | Reached XP level 5. HP: 39/41 MP: 7/7
  2667 | D:3      | Reached skill level 5 in Long Blades
  3129 | D:4      | Noticed an ogre
  3135 | D:4      | Mangled by an ogre

Action                   |  1- 3 |  4- 6 || total
-------------------------+-------+-------++-------
Melee: Falchion          |   180 |   107 ||   287
Throw: Dart              |     1 |       ||     1
       Javelin           |       |    11 ||    11
  Use: Scroll            |       |     3 ||     3
